 Dungeon Crawl Stone Soup version 0.23.2-11-gf996548c65 (webtiles) character file.

Game seed: 2485042835449484339

35242 Nattfarinn the Warrior (level 13, -6/130 HPs)
             Began as a Minotaur Fighter on June 2, 2019.
             Was a High Priest of Okawaru.
             Mangled by a dire elephant (25 damage)
             ... on level 15 of the Dungeon.
             The game lasted 00:38:18 (14807 turns).

Nattfarinn the Warrior (Minotaur Fighter)          Turns: 14807, Time: 00:38:19

Health: -6/130     AC: 27    Str: 30    XL:     13   Next: 46%
Magic:  19/21      EV: 14    Int:  7    God:    Okawaru [*****.]
Gold:   1592       SH: 16    Dex: 16    Spells: 12/12 levels left

rFire    . . .     SeeInvis .   D - +2 flail (holy)
rCold    + . .     Gourm    .   c - +0 shield
rNeg     + + .     Faith    .   E - +3 scale mail {rC+}
rPois    +         Spirit   .   O - +2 hat of Lies {+Fly rPois}
rElec    .         Reflect  .   U - +2 cloak "Lupniad" {MP+9 Int+2}
rCorr    .         Harm     .   g - +2 pair of gloves
MR       .....                  R - +2 pair of boots of the Orcish Mines {*Drain rPois rN+ Regen+}
Stlth    ++........             (no amulet)
HPRegen  0.71/turn              I - +5 ring of strength
MPRegen  0.17/turn              a - ring of positive energy

@: mighty, heroism, studying Ice Magic
A: retaliatory headbutt, horns 2
a: Heroism, Finesse, Renounce Religion, Evoke Flight


You were on level 15 of the Dungeon.
You worshipped Okawaru.
Okawaru was extremely pleased with you.
You were not hungry.

You visited 2 branches of the dungeon, and saw 16 of its levels.
You also visited: Bailey.

You collected 1592 gold pieces.

Inventory:

Hand Weapons
 D - a +2 flail of holy wrath (weapon)
 G - the +5 long sword of Wyrd {flame, Stlth+}
   (You found it on level 8 of the Dungeon)

   It has been specially enchanted to burn those struck by it, causing extra
   injury to most foes and up to half again as much damage against particularly
   susceptible opponents.
   Big, fiery blades are also staple armaments of hydra-hunters.
   It makes you more stealthy.
Armour
 c - a +0 shield (worn)
 g - a +2 pair of gloves (worn)
 E - a +3 scale mail of cold resistance (worn)
 O - the +2 hat of Lies (worn) {+Fly rPois}
   (Okawaru gifted it to you on level 11 of the Dungeon)

   It protects you from poison.
   It lets you fly.
 R - the +2 pair of boots of the Orcish Mines (worn) {*Drain rPois rN+ Regen+}
   (Okawaru gifted it to you on level 13 of the Dungeon)

   It protects you from poison.
   It protects you from negative energy.
   It increases your rate of regeneration.
   It causes draining when unequipped.
 U - the +2 cloak "Lupniad" (worn) {MP+9 Int+2}
   (Okawaru gifted it to you on level 13 of the Dungeon)

   It affects your intelligence (+2).
   It affects your magic capacity (+9).
Jewellery
 a - a ring of positive energy (right hand)
 I - a +5 ring of strength (left hand)
Wands
 t - a wand of acid (9)
 u - a wand of iceblast (9)
 y - a wand of digging (10)
 C - a wand of clouds (15)
 T - a wand of polymorph (8)
Scrolls
 h - 11 scrolls of teleportation
 j - 2 scrolls of fear
 k - a scroll of acquirement {unknown}
 m - 2 scrolls of magic mapping
 o - 7 scrolls of identify
 q - 2 scrolls of amnesia
 w - 3 scrolls of immolation {unknown}
 H - a scroll of enchant weapon {unknown}
 K - 2 scrolls of fog {unknown}
 L - 2 scrolls of remove curse
 M - a scroll of vulnerability {unknown}
 N - a scroll of enchant armour {unknown}
 P - 3 scrolls of torment {unknown}
 Q - a scroll of summoning {unknown}
Potions
 d - a potion of might
 e - 5 potions of lignification
 i - 2 potions of ambrosia {unknown}
 n - 3 potions of brilliance {unknown}
 p - a potion of berserk rage {unknown}
 r - 2 potions of flight {unknown}
 s - a potion of magic {unknown}
 v - 2 potions of resistance {unknown}
 A - 7 potions of curing
 B - 2 potions of agility {unknown}
 J - a potion of haste {unknown}
 S - a potion of mutation {unknown}
 Y - 3 potions of cancellation {unknown}
Books
 x - a manual of Ice Magic
 z - a manual of Ice Magic
Miscellaneous
 V - a phantom mirror
 W - a sack of spiders
Comestibles
 b - 2 chunks of flesh
 f - 29 rations


   Skills:
 * Level 16.9(21.9) Fighting
 + Level 12.5(17.5) Maces & Flails
 + Level 12.7(17.7) Armour
 + Level 12.8(17.8) Shields


You had 12 spell levels left.
You didn't know any spells.
Your spell library contained the following spells:

 Spells                   Type           Power        Failure   Level  Hunger
 Freeze                   Ice            #...         58%         1    ##.....
 Sting                    Conj/Pois      #...         58%         1    ##.....
 Poisonous Vapours        Pois/Air       #.....       73%         2    ###....
 Throw Frost              Conj/Ice       #.....       73%         2    ###....
 Mephitic Cloud           Conj/Pois/Air  #.......     91%         3    ####...
 Ozocubu's Armour         Chrm/Ice       #.......     91%         3    ####...
 Olgreb's Toxic Radiance  Pois           #.......     100%        4    #####..
 Summon Ice Beast         Ice/Summ       #.......     100%        4    #####..
 Throw Icicle             Conj/Ice       #.......     100%        4    #####..
 Venom Bolt               Conj/Pois      #.........   100%        5    ######.


Dungeon Overview and Level Annotations

Branches:
Dungeon (14/15)            Temple (1/1) D:7            Lair (0/6) D:10
    Orc (0/2) D:10         Vaults (0/5) D:13

Altars:
Cheibriados
Dithmenos
Elyvilon
Gozag
Hepliaklqana
Kikubaaqudgha
Makhleb
Nemelex Xobeh
Okawaru
Ru
Sif Muna
Wu Jian
Yredelemnul

Shops:
D:7 (   D:9 *?

Annotations:
D:7 2 transporters, Thantalas's ghost, novice GrFi
D:9 3 runed translucent doors, Mrkan's ghost, novice TrMo


Innate Abilities, Weirdness & Mutations

You reflexively headbutt those who attack you in melee.
You have a pair of horns on your head.


Message History

You hit the dire elephant.
The dire elephant is heavily wounded.
A wolf spider comes into view.
The dire elephant tramples you!!
* * * LOW HITPOINT WARNING * * *
You stumble backwards!
The wolf spider moves out of view.
Okay, then.
You feel very mighty all of a sudden. You block the dire elephant's attack.
The dire elephant trunk-slaps you but does no damage.
You gain the combat prowess of a mighty hero.
The dire elephant tramples you!
* * * LOW HITPOINT WARNING * * *
You stumble backwards!
You sock the dire elephant!
The dire elephant is heavily wounded.
You thump the dire elephant! You headbutt the dire elephant!
The dire elephant is almost dead.
The dire elephant tramples you!!
You die...

......###..# ..
...........# .โ‰ˆ.
#......... # #?.
#........# .###'###[.
#........# #...#.....
#........#
#.โ‰ˆ.#.โ‰ˆ...
###.......)####...#.....
.......@Y.?.).).........
####........)[..s......
#...............###
#...............#
#...............#
#.............รท.#
#...............#
#.................
########..######


You could see a dire elephant.

Vanquished Creatures
  An ice dragon (D:14)
  7 vault guards (D:13)
  2 centaur warriors (D:13)
  3 two-headed ogres
  4 death yaks (D:10)
  An unseen horror (D:13)
  2 orc knights
  A manticore (D:11)
  A salamander (D:15)
  3 ugly things
  2 gargoyles
  A kobold demonologist (D:13)
  4 rime drakes (D:14)
  2 harpy skeletons
  2 meliai (D:13)
  Grinder (D:4)
  4 trolls
  A polar bear (D:14)
  4 slime creatures (D:12)
  5 hippogriffs
  A spriggan (D:8)
  2 shadows
  2 wyverns
  13 yaks
  A wraith (D:12)
  7 vampire mosquitoes (D:11)
  A hungry ghost (D:7)
  A steam dragon (D:11)
  A warg (D:15)
  Edmund (D:5)
  2 soldier ants
  2 water moccasins
  3 ice beasts
  4 sky beasts
  A black bear (D:7)
  11 orc warriors
  A necrophage (D:10)
  8 ogres
  16 centaurs
  A crocodile (D:8)
  2 big kobolds (D:13)
  A wyvern zombie (D:13)
  4 gnoll sergeants (D:9)
  15 bullfrogs
  5 scorpions
  15 wights
  18 killer bees
  3 howler monkeys
  2 electric eels (D:13)
  2 quasits (D:11)
  3 centaur zombies
  6 crimson imps
  2 gnoll shamans
  8 orc wizards
  6 centaur skeletons
  7 orc priests
  8 hounds
  2 jellies (D:6)
  2 bullfrog skeletons (D:7)
  2 iguanas
  8 worker ants
  A worker ant zombie (D:7)
  Robin (D:4)
  26 gnolls
  15 adders
  3 shadow imps
  3 oozes
  2 adder zombies
  An adder skeleton (D:5)
  2 worms (D:2)
  2 dart slugs
  6 leopard geckos
  41 orcs
  3 ball pythons
  5 giant cockroaches
  17 goblins
  16 hobgoblins
  13 jackals
  17 kobolds
  8 quokkas
  A ball python skeleton (D:4)
  5 bats
  7 frilled lizards
  A leopard gecko skeleton (D:4)
  A quokka skeleton (D:7)
  6 rats
454 creatures vanquished.

Notes
Turn   | Place    | Note
-------+----------+-------------------------------------------
     0 | D:1      | Nattfarinn the Minotaur Fighter began the quest for the
                  | Orb.
     0 | D:1      | Reached XP level 1. HP: 19/19 MP: 0/0
   208 | D:1      | Reached XP level 2. HP: 27/27 MP: 1/1
   231 | D:1      | Reached skill level 4 in Fighting
  1128 | D:2      | Reached XP level 3. HP: 29/34 MP: 2/2
  1281 | D:2      | Reached XP level 4. HP: 37/41 MP: 3/3
  1593 | D:2      | Reached skill level 5 in Fighting
  2188 | D:3      | Reached XP level 5. HP: 48/48 MP: 4/4
  2568 | D:3      | Found a snail-covered altar of Cheibriados.
  2742 | D:4      | Noticed Robin
  2765 | D:4      | Killed Robin
  2830 | D:4      | Reached XP level 6. HP: 30/57 MP: 5/5
  2839 | D:4      | Reached skill level 6 in Fighting
  3257 | D:4      | Reached skill level 5 in Armour
  3257 | D:4      | Reached skill level 5 in Shields
  3402 | D:4      | Noticed Grinder
  3424 | D:4      | Killed Grinder
  3424 | D:4      | Reached skill level 7 in Fighting
  3424 | D:4      | Reached XP level 7. HP: 31/66 MP: 6/6
  4262 | D:5      | Entered Level 5 of the Dungeon
  4272 | D:5      | Reached skill level 5 in Maces & Flails
  4467 | D:5      | Noticed Edmund
  4506 | D:5      | Killed Edmund
  4563 | D:5      | Reached skill level 8 in Fighting
  4563 | D:5      | Reached XP level 8. HP: 57/74 MP: 7/7
  5247 | D:6      | Reached skill level 9 in Fighting
  5688 | D:7      | Found a staircase to the Ecumenical Temple.
  5694 | Temple   | Entered the Ecumenical Temple
  5703 | Temple   | Became a worshipper of Warmaster Okawaru
  5873 | D:7      | Reached XP level 9. HP: 77/85 MP: 8/8
  5902 | D:7      | Reached skill level 10 in Fighting
  6012 | D:7      | Reached * piety under Okawaru
  6145 | D:7      | Found Lar Miyf's Weapon Shoppe.
  6219 | D:7      | Found a shadowy altar of Dithmenos.
  6359 | D:7      | Found a transporter.
  6359 | D:7      | Noticed Thantalas's ghost (novice GrFi)
  6361 | D:7      | Found a transporter.
  6708 | D:8      | Got a smoking long sword
  6709 | D:8      | Identified the +5 long sword of Wyrd {flame, Stlth+} (You
                  | found it on level 8 of the Dungeon)
  6761 | D:8      | Reached ** piety under Okawaru
  6761 | D:8      | Reached skill level 11 in Fighting
  7296 | D:9      | Reached XP level 10. HP: 85/96 MP: 9/9
  7319 | D:9      | Found Poec's General Store.
  7382 | D:9      | Found Alufais's Magic Scroll Boutique.
  7575 | D:9      | Found a runed translucent gate.
  7575 | D:9      | Found a runed translucent gate.
  7575 | D:9      | Found a runed translucent gate.
  7577 | D:9      | Noticed Mrkan's ghost (novice TrMo)
  7815 | D:9      | Reached *** piety under Okawaru
  8207 | D:10     | Entered Level 10 of the Dungeon
  8243 | D:10     | Noticed a death yak
  8268 | D:10     | Killed a death yak
  8268 | D:10     | Reached skill level 12 in Fighting
  8282 | D:10     | Found a staircase to the Lair.
  8283 | D:10     | Noticed a death yak
  8309 | D:10     | Killed a death yak
  8479 | D:10     | Noticed a death yak
  8480 | D:10     | Noticed a death yak
  8497 | D:10     | Noticed a death yak
  8505 | D:10     | Killed a death yak
  8505 | D:10     | Reached **** piety under Okawaru
  8513 | D:10     | HP: 5/100 [wight/+4 halberd of freezing (5)]
  9147 | D:10     | Reached skill level 13 in Fighting
  9147 | D:10     | Reached XP level 11. HP: 89/107 MP: 10/10
  9272 | D:10     | Found a staircase to the Orcish Mines.
  9348 | D:10     | Killed a death yak
  9348 | D:10     | Reached skill level 10 in Shields
  9350 | D:10     | Reached skill level 10 in Armour
  9579 | D:10     | Noticed a two-headed ogre
  9591 | D:10     | Killed a two-headed ogre
  9612 | D:10     | Reached ***** piety under Okawaru
  9755 | D:11     | Received a gift from Okawaru
  9756 | D:11     | Got a pitted hat {god gift}
  9762 | D:11     | Identified the +2 hat of Lies {+Fly rPois} (Okawaru gifted
                  | it to you on level 11 of the Dungeon)
  9841 | D:11     | Reached skill level 10 in Maces & Flails
 10615 | D:11     | Reached skill level 14 in Fighting
 11139 | D:12     | Noticed a white ugly thing
 11347 | D:11     | Killed a white ugly thing
 11458 | D:12     | Noticed a two-headed ogre
 11466 | D:12     | Killed a two-headed ogre
 11904 | D:12     | Reached XP level 12. HP: 94/118 MP: 11/11
 12395 | D:13     | Reached skill level 15 in Fighting
 12514 | D:13     | Received a gift from Okawaru
 12515 | D:13     | Got a pair of faintly humming boots {god gift}
 12527 | D:13     | Identified the +2 pair of boots of the Orcish Mines {*Drain
                  | rPois rN+ Regen+} (Okawaru gifted it to you on level 13 of
                  | the Dungeon)
 12704 | D:13     | Noticed a centaur warrior
 12715 | D:13     | Killed a centaur warrior
 13307 | D:13     | Found a gate to the Vaults.
 13307 | D:13     | Noticed a vault guard
 13307 | D:13     | Noticed a vault guard
 13307 | D:13     | Noticed a vault guard
 13307 | D:13     | Noticed a vault guard
 13307 | D:13     | Noticed a vault guard
 13307 | D:13     | Noticed a vault guard
 13335 | D:13     | Killed a vault guard
 13343 | D:13     | Killed a vault guard
 13363 | D:13     | Killed a vault guard
 13363 | D:13     | Reached skill level 16 in Fighting
 13372 | D:13     | Killed a vault guard
 13380 | D:13     | Noticed a vault guard
 13385 | D:13     | Killed a vault guard
 13404 | D:13     | Killed a vault guard
 13404 | D:13     | Reached XP level 13. HP: 19/129 MP: 0/12
 13586 | D:13     | Received a gift from Okawaru
 13646 | D:13     | Got an ichor-stained cloak {god gift}
 13657 | D:13     | Identified the +2 cloak "Lupniad" {MP+9 Int+2} (Okawaru
                  | gifted it to you on level 13 of the Dungeon)
 14062 | D:14     | Found a flagged portal.
 14076 | Bailey   | Entered a bailey
 14732 | D:14     | You fall through a shaft!
 14732 | D:15     | Entered Level 15 of the Dungeon
 14786 | D:15     | Noticed a dire elephant
 14807 | D:15     | Mangled by a dire elephant

Skill      XL: |  1  2  3  4  5  6  7  8  9 10 11 12 13 |
---------------+----------------------------------------+-----
Fighting       | 4 5 7 8 9 11 13 14 16 | 16.9
Armour         | 4 5 6 7 8 9 11 12 | 12.7
Shields        | 4 5 6 7 8 9 11 12 | 12.8
Maces & Flails | 3 4 5 6 8 9 10 11 12 | 12.5

Action                   |  1- 3 |  4- 6 |  7- 9 | 10-12 | 13-15 || total
-------------------------+-------+-------+-------+-------+-------++-------
Melee: Flail             |    72 |   188 |   350 |   849 |   221 ||  1680
       Headbutt          |    10 |    28 |    74 |   210 |    67 ||   389
 Fire: Arbalest          |       |       |       |       |    20 ||    20
Invok: Heroism           |       |       |       |     7 |     6 ||    13
       Finesse           |       |       |       |     1 |       ||     1
  Use: Scroll            |       |       |    10 |     2 |     2 ||    14
       Potion            |       |       |       |     2 |     2 ||     4
  Eat: Chunk             |     1 |     7 |    15 |    18 |     5 ||    46
       Ration            |       |       |       |     1 |       ||     1
Armor: Scale mail        |    36 |   111 |   155 |   346 |   103 ||   751
Dodge: Dodged            |    18 |    75 |    91 |   246 |    73 ||   503
Block: Shield            |    37 |   138 |   223 |   468 |   238 ||  1104
